 Dungeon Crawl Stone Soup version 0.31-a0-358-gac0dbeb3ab (webtiles) character file.

Game seed: 1603013634009715698

53102 Conn the Arsonist (level 14, 0/79 HPs)
             Began as an Octopode Fire Elementalist on July 26, 2023.
             Was an Elder of Sif Muna.
             Shot with a bolt by an orc knight (12 damage)
             ... on level 2 of the Orcish Mines.
             The game lasted 01:00:52 (18007 turns).

Conn the Arsonist (Octopode Fire Elementalist)     Turns: 18007, Time: 01:00:53

Health: 0/79       AC: 14    Str:  8    XL:     14   Next: 67%
Magic:  3/30       EV: 19    Int: 21    God:    Sif Muna [****..]
Gold:   1174       SH:  0    Dex: 13    Spells: 5/37 levels left

rFire   . . .        v - staff of conjuration
rCold   . . .        (no shield)
rNeg    . . .        A - +1 hat {Stlth+}
rPois   .            o - amulet of magic regeneration
rElec   .            p - +5 ring of evasion
rCorr   .            z - ring of willpower
SInv    .            O - +4 ring of protection
Will    ++...        (no ring)
Stlth   +++++        (no ring)
HPRegen 0.33/turn    (no ring)
MPRegen 0.62/turn    (no ring)
                     (no ring)

%: no passive effects
@: ice-armoured, studying Conjurations
A: almost no armour, amphibious, 8 rings, camouflage 1, gelatinous body 1,
(nimble swimmer 1), tentacles
a: Renounce Religion, Channel Magic, Forget Spell, Divine Exegesis


You were on level 2 of the Orcish Mines.
You worshipped Sif Muna.
Sif Muna was greatly pleased with you.
You visited 4 branches of the dungeon, and saw 19 of its levels.
You visited 1 bazaar.
You also visited: Volcano.

You collected 1689 gold pieces.
You spent 515 gold pieces at shops.

Inventory:

Hand Weapons
 a - a +6 dagger of flaming
 b - a +0 short sword
Missiles
 c - 42 poisoned darts
Armour
 A - a +1 hat of stealth (worn)
 Q - a +0 kite shield
Magical Staves
 v - a staff of conjuration (weapon)
 y - a staff of air
 E - a staff of cold
Jewellery
 o - an amulet of magic regeneration (around mantle)
 p - a +5 ring of evasion (left tentacle)
 z - a ring of willpower (right tentacle)
 O - a +4 ring of protection (on tentacle)
 P - an amulet of guardian spirit
Talismans
 i - a beast talisman
 F - a maw talisman
Wands
 n - a wand of iceblast (13)
 u - a wand of mindburst (27)
 w - a wand of polymorph (6)
 D - a wand of charming (1)
 I - a wand of flame (11)
 K - a wand of digging (4)
 M - a wand of quicksilver (2)
Scrolls
 e - 4 scrolls of blinking
 g - 2 scrolls of enchant armour
 h - 5 scrolls of vulnerability
 j - 5 scrolls of fog
 q - a scroll of brand weapon
 r - a scroll of fear
 C - a scroll of butterflies
 J - 2 scrolls of identify
Potions
 d - 6 potions of curing
 f - 3 potions of heal wounds
 k - 10 potions of ambrosia
 l - 2 potions of attraction {unknown}
 m - a potion of magic
 s - a potion of invisibility
 t - 4 potions of enlightenment
 x - 2 potions of lignification
 G - a potion of berserk rage {unknown}
 H - a potion of resistance
 L - 2 potions of brilliance {unknown}
 N - a potion of mutation {unknown}
Miscellaneous
 B - a condenser vane


   Skills:
 + Level 1.6 Fighting
 + Level 1.5 Short Blades
 + Level 0.6 Staves
 + Level 4.8 Dodging
 + Level 7.0 Stealth
 + Level 12.4 Spellcasting
 + Level 11.0 Conjurations
 + Level 3.1 Hexes
 - Level 4.0 Translocations
 * Level 3.0 Transmutations
 + Level 13.5 Fire Magic
 + Level 7.0 Ice Magic
 * Level 2.5 Air Magic
 + Level 7.6 Invocations
 + Level 0.6 Evocations


You had 5 spell levels left.
You knew the following spells:

 Your Spells              Type           Power      Damage    Failure   Level
a - Foxfire               Conj/Fire      100%       2x1d9     1%          1
b - Scorch                Fire           100%       2d9       1%          2
c - Inner Flame           Hex/Fire       48%        N/A       1%          3
d - Flame Wave            Conj/Fire      77%        2d17      1%          4
e - Fireball              Conj/Fire      38%        3d16      1%          5
f - Iskenderun's Mystic   Conj/Tloc      61%        2d13      2%          4
g - Ozocubu's Armour      Ice            42%        N/A       1%          3
h - Iskenderun's Battles  Conj           73%        2d12      1%          5
i - Irradiate             Conj/Tmut      29%        3d21      8%          5

Your spell library contained the following spells:

 Spells                   Type           Power      Damage    Failure   Level
 Lesser Beckoning         Tloc           58%        N/A       1%          2
 Static Discharge         Conj/Air       100%       2-7/arc   1%          2
 Volatile Blastmotes      Fire/Tloc      98%        2d18      1%          3
 Sticky Flame             Conj/Fire      77%        2d9       1%          4
 Gell's Gravitas          Tloc           29%        N/A       3%          3
 Teleport Other           Tloc           29%        N/A       3%          3
 Sublimation of Blood     Necr           13%        N/A       8%          2
 Arcjolt                  Conj/Air       29%        1d39      9%          5
 Metabolic Englaciation   Hex/Ice        17%        N/A       17%         5
 Petrify                  Tmut/Erth      19%        N/A       26%         4
 Summon Lightning Spire   Summ/Air       18%        N/A       30%         4
 Alistair's Intoxication  Tmut/Pois      12%        N/A       58%         5
 Borgnjor's Vile Clutch   Necr/Erth      6%         N/A       80%         5
 Conjure Ball Lightning   Conj/Air       29%        3x3d8     43%         6
 Orb of Destruction       Conj           36%        9d11      43%         7
 Simulacrum               Ice/Necr       13%        N/A       88%         6
 Eringya's Noxious Bog    Tmut/Pois      9%         4d6       99%         6
 Spellforged Servitor     Conj/Summ      26%        N/A       99%         7
 Chain Lightning          Conj/Air       29%        3d38      100%        9


Dungeon Overview and Level Annotations

Branches:
Dungeon (11/15)            Temple (1/1) D:5            Lair (5/5) D:10
 Shoals (0/4) Lair:3        Snake (0/4) Lair:2        Slime (0/5) Lair:4
    Orc (2/2) D:11            Elf (0/3) Orc:2       Volcano (visited)

Altars:
Ashenzari
Cheibriados
Dithmenos
Elyvilon
Fedhas
Gozag
Hepliaklqana
Kikubaaqudgha
Makhleb
Nemelex Xobeh
Okawaru
Qazlal
Ru
Sif Muna
Trog
Uskayaw
Vehumet
Wu Jian
Xom
Yredelemnul
Zin
The Shining One
Jiyva

Shops:
D:2 =   Orc:1 *   Orc:2 !:(

Annotations:
D:6 Edmund
D:7 3 runed translucent doors, blacky4's ghost, novice DjCj
Orc:2 1 runed translucent door, Jano's ghost, journeyman FoFi


Innate Abilities, Weirdness & Mutations

You cannot wear most types of armour.
You are amphibious.
You can wear up to eight rings at the same time.
Your skin changes colour to match your surroundings (Stealth+).
Your rubbery body absorbs attacks. (AC +1, EV +1)
((You are camouflaged when in or above water. (Stealth+)))
You have tentacles for arms and can constrict up to eight enemies at once.


Message History

Things that are here:
a +0 plate armour; a +0 battleaxe; a +0 falchion
Casting: Foxfire (safe; 1% risk of failure)
Confirm with . or Enter, or press ? or * to list all spells.
A film of ice covers your body!
Casting: Ozocubu's Armour (safe; 1% risk of failure)
Confirm with . or Enter, or press ? or * to list all spells.
Aiming: Fireball (dangerous; 1% risk of failure)
Press: ? - help, Shift-Dir - straight line, f/p - orc knight
Aim: an orc knight, wielding a +0 arbalest and wearing a +0 plate armour (moderately wounded, inner flame, strong)
You feel a surge of power!
The fireball explodes!
The fireball engulfs the orc knight!
Flame seeps out of the orc knight.
The orc knight is moderately wounded.
The orc knight is engulfed in blazing flames.
Flame seeps out of the orc knight.
The orc knight shoots a bolt.
The bolt misses you.
Casting: Fireball (dangerous; 1% risk of failure)
Confirm with . or Enter, or press ? or * to list all spells.
Aiming: Fireball (dangerous; 1% risk of failure)
Press: ? - help, Shift-Dir - straight line, f/p - orc knight
Aim: an orc knight, wielding a +0 arbalest and wearing a +0 plate armour (flame, heavily wounded, inner flame, strong)
You feel a surge of power!
The fireball explodes!
The fireball engulfs the orc knight.
Flame seeps out of the orc knight.
The orc knight is heavily wounded.
The orc knight is engulfed in blazing flames.
Flame seeps out of the orc knight.
The orc knight shoots a bolt.
The bolt hits you!
* * * LOW HITPOINT WARNING * * *
Casting: Fireball (dangerous; 1% risk of failure)
Confirm with . or Enter, or press ? or * to list all spells.
Aiming: Fireball (dangerous; 1% risk of failure)
Press: ? - help, Shift-Dir - straight line, f/p - orc knight
Aim: an orc knight, wielding a +0 arbalest and wearing a +0 plate armour (flame, severely wounded, inner flame, strong)
You feel a surge of power!
The fireball explodes!
The fireball engulfs the orc knight!!
Flame seeps out of the orc knight.
The orc knight is almost dead.
The orc knight is engulfed in blazing flames.
Flame seeps out of the orc knight.
The orc knight shoots a bolt.
The bolt hits you!
You die...

....................##
##### ....................#
#...................#
.......>............#
#..................##
.................#.#
#.#..............#.#
##...............### .
#...............@# ....
##........)....[[## .v..
#$...........#....# .ยง...
#.........)..##...## #v...#
##.......[)[..#...o##)....#
##........[[..##..)))[..#
#....)..)..[...##...[..##
#......##[..#.####...###
.......).....## #####


You could see an orc knight (inner flame, strong).

Vanquished Creatures
  Gastronok (D:11)
  Donald (Orc:2)
  2 hydras
  A boulder beetle (D:10)
  2 catoblepae
  2 two-headed ogres
  5 orc high priests
  Sonja (Orc:1)
  A skyshark (Lair:3)
  8 orc knights
  4 orc sorcerers
  An oklob plant (Lair:4)
  A cyclops (D:10)
  A manticore (D:11)
  8 elephants
  2 water nymphs (Lair:3)
  7 black mambas
  13 cane toads
  10 komodo dragons
  2 polar bears
  7 trolls
  A queen bee (Lair:2)
  Grinder (D:6)
  A tyrant leech (Lair:1)
  A raiju (Lair:5)
  A blink frog (Lair:3)
  A slime creature (Lair:4)
  2 wyverns
  49 yaks
  A basilisk (Lair:2)
  Grum (D:11)
  4 steam dragons
  3 wargs
  A swamp worm (Lair:1)
  2 nagas (Lair:2)
  13 water moccasins
  An acid dragon (D:8)
  A floating eye (D:10)
  2 sky beasts (D:7)
  6 black bears
  23 orc warriors
  4 ice beasts
  2 ogres (Orc:1)
  32 wolves
  11 centaurs
  A small abomination (Lair:5)
  2 phantoms
  4 kobold brigands (D:10)
  A gnoll sergeant (D:6)
  10 bullfrogs
  A scorpion (D:6)
  11 wights
  35 killer bees
  4 jellies
  3 electric eels
  3 lava snakes (Volcano)
  2 howler monkeys
  8 orc priests
  9 hounds
  A gnoll bouda (Orc:2)
  A sleepcap (D:8)
  5 iguanas
  Ijyb (D:5)
  20 orc wizards
  7 hell rats (Lair:4)
  7 gnolls
  5 adders
  A shadow imp (D:6)
  A white imp (D:6)
  2 ufetubi
  A dart slug (D:4)
  43 orcs
  7 ball pythons
  8 endoplasms
  12 giant cockroaches
  8 goblins
  5 hobgoblins
  7 jackals
  A quokka (D:4)
  9 bats
  2 frilled lizards
  10 kobolds
  9 rats
511 creatures vanquished.

Vanquished Creatures (collateral kills)
  7 foxfires
7 creatures vanquished.

Vanquished Creatures (others)
  A warg (D:11)
  An orc wizard (D:7)
  1265 foxfires
1267 creatures vanquished.

Grand Total: 1785 creatures vanquished

Notes
Turn   | Place    | Note
-------+----------+-------------------------------------------
     0 | D:1      | Conn the Octopode Fire Elementalist began the quest for the
                  | Orb.
     0 | D:1      | Reached XP level 1. HP: 11/11 MP: 3/3
   183 | D:1      | Reached XP level 2. HP: 17/17 MP: 1/5
   853 | D:1      | Reached XP level 3. HP: 21/21 MP: 6/6
  1575 | D:2      | Reached XP level 4. HP: 27/27 MP: 8/8
  1585 | D:2      | Found a faded altar of an unknown god.
  1736 | D:2      | Found Oxoehir's Jewellery Emporium.
  2699 | D:3      | Found a hide-covered altar of Uskayaw.
  2811 | D:4      | Reached XP level 5. HP: 14/32 MP: 9/9
  3278 | D:4      | Found a blossoming altar of Fedhas.
  3635 | D:5      | Entered Level 5 of the Dungeon
  3635 | D:5      | Noticed a black bear
  3646 | D:5      | Killed a black bear
  3647 | D:5      | Reached skill level 1 in Short Blades
  3647 | D:5      | Reached skill level 4 in Fire Magic
  3647 | D:5      | Reached XP level 6. HP: 37/37 MP: 6/11
  3673 | D:4      | Learned a level 2 spell: Scorch
  3677 | D:4      | Learned a level 3 spell: Inner Flame
  3682 | D:4      | Learned a level 4 spell: Flame Wave
  3712 | D:5      | Reached skill level 5 in Stealth
  3719 | D:5      | Noticed an ice beast
  3729 | D:5      | Killed an ice beast
  3730 | D:5      | Reached XP level 7. HP: 42/42 MP: 7/12
  3741 | D:5      | Found a shadowy altar of Dithmenos.
  3786 | D:5      | Noticed Ijyb
  3792 | D:5      | Killed Ijyb
  3930 | D:5      | Found a staircase to the Ecumenical Temple.
  3945 | Temple   | Entered the Ecumenical Temple
  3952 | Temple   | Became a worshipper of Sif Muna the Loreminder
  3971 | D:5      | Reached skill level 1 in Hexes
  4260 | D:5      | Found a glowing silver altar of Zin.
  4600 | D:6      | Noticed Grinder
  4606 | D:6      | Killed Grinder
  4607 | D:6      | Reached skill level 5 in Fire Magic
  4607 | D:6      | Reached XP level 8. HP: 40/47 MP: 9/14
  4743 | D:6      | Reached skill level 5 in Spellcasting
  4750 | D:6      | Reached skill level 6 in Fire Magic
  5230 | D:6      | Noticed Edmund
  5776 | D:6      | Reached XP level 9. HP: 46/52 MP: 12/18
  6217 | D:7      | Reached skill level 7 in Fire Magic
  6286 | D:7      | Found a runed translucent gate.
  6286 | D:7      | Found a runed translucent gate.
  6286 | D:7      | Found a runed translucent gate.
  6524 | D:7      | Reached * piety under Sif Muna
  6699 | D:7      | Found an opulent altar of Gozag.
  6711 | D:7      | Noticed blacky4's ghost (novice DjCj)
  6761 | D:7      | Reached skill level 8 in Fire Magic
  6765 | D:7      | Reached skill level 5 in Conjurations
  7252 | D:8      | Reached XP level 10. HP: 33/57 MP: 14/21
  7418 | D:8      | Reached skill level 1 in Fighting
  7685 | D:8      | Identified a scroll of acquirement
  7686 | D:8      | Acquired the Catalogue of Blasts
  7695 | D:8      | Learned a level 5 spell: Fireball
  7700 | D:8      | Learned a level 4 spell: Iskenderun's Mystic Blast
  8246 | D:9      | Reached ** piety under Sif Muna
  8329 | D:9      | Noticed a two-headed ogre
  8335 | D:9      | Killed a two-headed ogre
  8336 | D:9      | Reached skill level 9 in Fire Magic
  8553 | D:9      | Reached skill level 1 in Invocations
  9097 | D:10     | Entered Level 10 of the Dungeon
  9122 | D:10     | Reached XP level 11. HP: 63/63 MP: 19/23
  9143 | D:10     | Reached skill level 10 in Fire Magic
  9229 | D:10     | Found an ornate altar of the Wu Jian Council.
  9330 | D:10     | Found a staircase to the Lair.
  9535 | D:10     | Noticed a two-headed ogre
  9543 | D:10     | Killed a two-headed ogre
  9625 | D:10     | Learned a level 3 spell: Ozocubu's Armour
  9725 | D:10     | Noticed a cyclops
  9735 | D:10     | Killed a cyclops
  9775 | D:10     | Noticed a boulder beetle
  9794 | D:10     | Killed a boulder beetle
  9795 | D:10     | Reached skill level 1 in Ice Magic
 10103 | D:11     | Found a staircase to the Orcish Mines.
 10355 | D:11     | Noticed Grum
 10363 | D:11     | Killed Grum
 10388 | D:11     | Noticed Gastronok
 10402 | D:11     | Killed Gastronok
 10403 | D:11     | Reached skill level 11 in Fire Magic
 10403 | D:11     | Reached XP level 12. HP: 64/68 MP: 2/25
 10431 | D:11     | Reached skill level 5 in Invocations
 10511 | Lair:1   | Entered Level 1 of the Lair of Beasts
 10691 | Lair:1   | Noticed a catoblepas
 10707 | Lair:1   | Reached *** piety under Sif Muna
 10736 | Lair:1   | Killed a catoblepas
 10737 | Lair:1   | Reached skill level 10 in Spellcasting
 10807 | Lair:1   | Reached skill level 1 in Translocations
 11005 | Lair:1   | Learned a level 5 spell: Iskenderun's Battlesphere
 11952 | Lair:2   | You fall into a shaft and drop 2 floors!
 12028 | Lair:4   | Reached skill level 5 in Ice Magic
 12036 | Lair:4   | Noticed a four-headed hydra
 12040 | Lair:4   | Killed a four-headed hydra
 12092 | Lair:4   | Reached **** piety under Sif Muna
 12093 | Lair:4   | Reached XP level 13. HP: 72/72 MP: 13/27
 12097 | Lair:4   | Reached skill level 12 in Fire Magic
 13345 | Lair:2   | Reached ***** piety under Sif Muna
 13385 | Lair:2   | Received a gift from Sif Muna
 13391 | Lair:2   | Got Jilyhe's Reference Book on Inhalation {god gift}
 13402 | Lair:2   | Reached skill level 10 in Conjurations
 13468 | Lair:2   | Found a staircase to the Snake Pit.
 14884 | Lair:4   | Found a viscous altar of Jiyva.
 14884 | Lair:4   | Found a staircase to the Slime Pits.
 15121 | Lair:5   | Entered Level 5 of the Lair of Beasts
 15170 | Lair:5   | Reached XP level 14. HP: 79/79 MP: 10/29
 15256 | Lair:5   | Learned a level 5 spell: Irradiate
 15476 | Lair:5   | Reached skill level 13 in Fire Magic
 15609 | Lair:5   | Reached skill level 1 in Transmutations
 16071 | Orc:1    | Entered Level 1 of the Orcish Mines
 16073 | Orc:1    | Noticed Sonja
 16077 | Orc:1    | Killed Sonja
 16104 | Orc:1    | Found Mejagg's Assorted Antiques.
 16120 | Orc:1    | Bought a glowing golden ring for 115 gold pieces
 16120 | Orc:1    | Bought a dented lapis lazuli amulet for 115 gold pieces
 16294 | Orc:1    | Found a dark tunnel.
 16303 | Volcano  | Entered a volcano
 16311 | Volcano  | Learned a level 5 spell: Arcjolt
 16502 | Orc:1    | Learned a level 5 spell: Fireball
 16988 | Orc:1    | You fall into a shaft and drop 1 floor!
 16988 | Orc:2    | Entered Level 2 of the Orcish Mines
 16988 | Orc:2    | Found a staircase to the Elven Halls.
 17042 | Orc:2    | Reached skill level 1 in Air Magic
 17180 | Orc:2    | Noticed Donald
 17213 | Orc:2    | Found a runed translucent door.
 17214 | Orc:2    | Noticed Jano's ghost (journeyman FoFi)
 17229 | Orc:2    | Found Hecifum's Distillery.
 17335 | Orc:2    | Found a flickering gateway to a bazaar.
 17344 | Bazaar   | Entered a bazaar
 17445 | Bazaar   | Found Higgeoj's Antique Weapon Shoppe.
 17456 | Bazaar   | Found Lihinesur's Antique Weapon Emporium.
 17475 | Bazaar   | Found Fumelel's Antique Armour Shoppe.
 17486 | Bazaar   | Found Purap's Antique Armour Emporium.
 17534 | Orc:2    | Bought a potion of curing for 45 gold pieces
 17534 | Orc:2    | Bought a potion of curing for 45 gold pieces
 17534 | Orc:2    | Bought a potion of lignification for 45 gold pieces
 17534 | Orc:2    | Bought a potion of resistance for 150 gold pieces
 17592 | Orc:2    | Found Mabilaoz's Vocational Training.
 17617 | Orc:2    | Killed Donald
 17803 | Orc:2    | Found Jigg's Weapon Boutique.
 18007 | Orc:2    | Shot with a bolt by an orc knight

Illustrated notes

Levels and vault maps discovered:
D:1:      minmay_arrival_plants_in_alcoves, layout_basic
D:2:      minmay_wonky_spiral, layout_basic, serial_shops, shop,
          dreamdust_ecumenical_altar_hidden_monk_grotto, minmay_heptomino_h4
D:3:      minmay_roachtagon, layout_loops_ring, mainiacjoe_overflow_alcove_4,
          hangedman_decor_clover_reticule, minmay_misc_feat_columns
D:4:      layout_basic, fedhas_altar_2
D:5:      layout_cave_pods, zin_academy, mainiacjoe_overflow_tiny_flanked,
          minmay_temple_entry_stoned_glass, minmay_misc_feat_cross,
          kennysheep_small_square, uniq_ijyb
D:6:      kennysheep_steamy, layout_layer_cave, minmay_statues_item,
          kennysheep_generic_room_9, uniq_grinder, uniq_edmund
D:7:      layout_rooms, ebering_ghost_gozag, grunt_decor_resistance
D:8:      layout_gridville
D:9:      layout_irregular_city
D:10:     layout_cave_pools, mainiacjoe_overflow_cross_hatched,
          erik_lair_island, hangedman_decor_opposing, onia_ninara_cookie
D:11:     layout_loops_ring, minmay_orc_entry_guard_dogs, hangedman_incinerator,
          uniq_grum, uniq_urug, uniq_gastronok
Temple:   sentei_temple_godly_chess
Lair:1:   layout_concentric_octagons, worms_lemuel
Lair:2:   layout_roguey [special_room_bee], guppyfry_snake_entry_island,
          beast_lair_carwin_1, infiniplex_staircase_pool
Lair:3:   layout_cave_shapes, nicolae_shoals_entry_flooding,
          amcnicky_mini_pool_medium
Lair:4:   layout_roguey, minmay_slime_entry_pillars
Lair:5:   hellmonk_lair_end_abyssal_woods, layout_cave_pods, uniq_snorg
Orc:1:    hellmonk_paralyzer, layout_caves, nicolae_volcano_entry_two_sided,
          special_room [special_room_orc], serial_shops, shop, uniq_sonja
Orc:2:    grunt_orc_tribal_feast, layout_caves, serial_shops, bzr_entry_dummy,
          shop_fountains, shop_fountains, ebering_ghost_inner_flame,
          nicolae_shop_vocational, uniq_donald

Skill      XL: |  1  2  3  4  5  6  7  8  9 10 11 12 13 14 |
---------------+-------------------------------------------+-----
Stealth        | 3 4 5 6 7 |  7.0
Spellcasting   | 3 4 6 7 8 9 10 11 12 | 12.4
Conjurations   | 2 3 4 5 6 8 9 10 11 | 11.0
Short Blades   | 1 |  1.5
Fire Magic     | 4 5 6 8 9 11 12 13 | 13.5
Hexes          | 1 2 3 |  3.1
Dodging        | 3 4 |  4.8
Fighting       | 1 |  1.6
Invocations    | 1 4 6 7 |  7.6
Ice Magic      | 3 5 6 7 |  7.0
Translocations | 2 3 4 |  4.0
Transmutations | 3 |  3.0
Air Magic      | 2 |  2.5
Staves         | |  0.6
Evocations     | |  0.6

Action                     |  1- 3 |  4- 6 |  7- 9 | 10-12 | 13-15 || total
---------------------------+-------+-------+-------+-------+-------++-------
  Melee: Unarmed           |     8 |       |       |       |       ||     8
         Constrict         |     9 |    12 |     3 |     1 |     2 ||    27
         Tentacles         |     5 |    14 |     3 |     4 |     4 ||    30
         Short sword       |    29 |    23 |       |       |       ||    52
         Dagger            |       |    32 |     1 |       |       ||    33
         Punch             |       |     1 |     1 |       |       ||     2
         Staff             |       |       |    13 |     7 |    14 ||    34
   Cast: Foxfire           |    45 |    69 |   142 |   259 |   215 ||   730
         Scorch            |       |     2 |    34 |    94 |    83 ||   213
         Inner Flame       |       |       |     8 |    33 |    39 ||    80
         Flame Wave        |       |       |     4 |    28 |    47 ||    79
         Fireball          |       |       |       |    13 |    67 ||    80
         Iskenderun's Myst |       |       |       |     7 |    11 ||    18
         Ozocubu's Armour  |       |       |       |     3 |     3 ||     6
         Iskenderun's Batt |       |       |       |     2 |     3 ||     5
         Arcjolt           |       |       |       |       |     7 ||     7
 Invoke: Channel Magic     |       |       |       |     4 |     5 ||     9
         Forget Spell      |       |       |       |       |     2 ||     2
  Evoke: Wand              |       |       |     1 |     3 |     1 ||     5
    Use: Potion            |       |     1 |       |       |       ||     1
         Scroll            |       |       |    14 |     3 |     5 ||    22
   Stab: Sleeping          |     7 |     8 |     3 |       |       ||    18
         Distracted        |       |       |       |     1 |       ||     1
 Armour: Skin              |     3 |     4 |       |     4 |     8 ||    19
  Dodge: Dodged            |    36 |    50 |    30 |    86 |   101 ||   303

Table legend: (Time is in decaauts)
 A = Elapsed time spent in this place.
 B = Non-inter-level travel time spent in this place.
 C = Inter-level travel time spent in this place.
 D = Time resting spent in this place.
 E = Time spent auto-exploring this place.
 F = Levels seen in this place.
 G = Mean time per level.
                   A        B        C        D        E       F      G
               +--------+--------+--------+--------+--------+-----+--------+
         Total |  18016 |  17650 |    366 |   1772 |  10740 |  21 |  857.9 |
       Dungeon |  10689 |  10498 |    191 |   1164 |   6678 |  11 |  971.7 |
        Temple |     14 |     14 |      0 |      0 |      0 |   1 |   14.0 |
          Lair |   5376 |   5201 |    175 |    422 |   3406 |   5 | 1075.2 |
  Orcish Mines |   1720 |   1720 |      0 |     93 |    656 |   2 |  860.0 |
        Bazaar |    161 |    161 |      0 |     93 |      0 |   1 |  161.0 |
       Volcano |     53 |     53 |      0 |      0 |      0 |   1 |   53.0 |
               +--------+--------+--------+--------+--------+-----+--------+

Top non-repeatable levels by time:
     D:6: 1754 daAuts
    D:10: 1408 daAuts
  Lair:1: 1298 daAuts
  Lair:4: 1135 daAuts
  Lair:3: 1092 daAuts
     D:1: 1091 daAuts
  Lair:2: 1074 daAuts
     D:5: 1013 daAuts
     D:9: 952 daAuts
     D:3: 913 daAuts
     D:8: 891 daAuts
     D:4: 863 daAuts
   Orc:1: 862 daAuts
   Orc:2: 857 daAuts
     D:7: 818 daAuts
